 Dungeon Crawl Stone Soup version 0.31-a0-1178-gc5c9b8f871 (webtiles) character file.

Game seed: 15392301428808716304

46 qw the Shooter (level 3, -3/22 HPs)
             Began as a Gargoyle Hunter on Dec 11, 2023.
             Slain by an orc
             ... wielding a +0 whip
              (5 damage)
             ... on level 2 of the Dungeon.
             The game lasted 00:00:32 (1093 turns).

qw the Shooter (Gargoyle Hunter)                    Turns: 1093, Time: 00:00:33

Health: -3/22      AC:  6    Str: 14    XL:     3   Next: 68%
Magic:  3/3        EV: 11    Int:  9    God:
Gold:   44         SH:  0    Dex: 15    Spells: 2/2 levels left

rFire   . . .        a - +0 shortbow
rCold   . . .        (shield currently unavailable)
rNeg    + . .        c - +0 leather armour
rPois   inf          (no helmet)
rElec   +            (no cloak)
rCorr   .            (no gloves)
SInv    .            (no boots)
Will    .....        (no amulet)
Stlth   ++           (no ring)
HPRegen 0.23/turn    (no ring)
MPRegen 0.08/turn

%: no passive effects
@: about to teleport
A: sickness immunity, AC +3, negative energy resistance 1, electricity
resistance, torment resistance 1, petrification resistance
a: no special abilities


You were on level 2 of the Dungeon.
You visited 1 branch of the dungeon, and saw 3 of its levels.

You collected 44 gold pieces.


Innate Abilities, Weirdness & Mutations

You are immune to sickness and miasma.
Your stone body is resilient. (AC +3)
You are immune to poison.
You resist negative energy. (rN+)
You are resistant to electric shocks. (rElec)
You are resistant to unholy torment.
You are immune to petrification.


   Skills:
 + Level 2.9 Fighting
 - Level 5.0 Ranged Weapons
 - Level 1.5 Dodging
 - Level 1.1 Stealth


You had 2 spell levels left.
You didn't know any spells.
Your spell library was empty.

Inventory:

Hand Weapons
 a - a +0 shortbow (weapon)
Armour
 c - a +0 leather armour (worn)
Scrolls
 b - 2 scrolls of teleportation
Potions
 e - a potion of mutation

Dungeon Overview and Level Annotations

Branches:
Dungeon (3/15)

Altars:


Message History

HP restored.
Done exploring.
What level of the Dungeon? (default 3, ? - help)
You climb downwards.
The frilled lizard barely misses you.
There is a stone staircase leading up here.
There are monsters nearby!
1083 ||| STAIRDANCE The orc priest shouts!
You hear a shout!
The frilled lizard misses you.
The orc priest looks encouraged for a moment.
You climb upwards.
There is a stone staircase leading down here.
You shoot an arrow.
The arrow barely misses the frilled lizard.
The frilled lizard bites you but does no damage.
The frilled lizard bites you.
You shoot an arrow.
The arrow closely misses the frilled lizard.
The frilled lizard barely misses you.
You shoot an arrow. The arrow hits the frilled lizard.
The frilled lizard is heavily wounded.
The frilled lizard closely misses you.
You shoot an arrow. The arrow hits the frilled lizard.
You kill the frilled lizard!
Done exploring.
What level of the Dungeon? (default 3, ? - help)
You climb downwards.
The orc barely misses you. The orc hits you with a +0 whip.
There is a stone staircase leading up here.
1091 ||| STAIRDANCE The orc priest calls down the wrath of Beogh upon you.
Beogh smites you!
Ouch! That really hurt!
The orc barely misses you.
You climb upwards.
There is a stone staircase leading down here.
1093 ||| READING 3 scrolls of teleportation.
As you read the scroll of teleportation, it crumbles to dust.
You feel strangely unstable. The orc hits you with a +0 whip.
You die...

#..........#...#
#......###.#...#
#...##.###.#...#########
#...##...#.#......!....###
##.###...#.#..####.###...#
#.# #...#.#..# ### ###.#
#.# #........#####7777#.#
########.#
#...#...###..'.%.7#.#
.........#
#...#@#.###.##7...'.#
##########
###.o........#7777###
#.###.###### #.....#
#######


You could see an orc.

Vanquished Creatures
  3 endoplasms
  5 giant cockroaches
  2 goblins (D:1)
  4 hobgoblins (D:2)
  2 jackals (D:1)
  3 quokkas
  3 ball pythons
  4 bats
  5 frilled lizards
  6 kobolds
  4 rats
41 creatures vanquished.

Notes
Turn   | Place    | Note
-------+----------+-------------------------------------------
     0 | D:1      | qw the Gargoyle Hunter began the quest for the Orb.
     0 | D:1      | Reached XP level 1. HP: 12/12 MP: 1/1
     0 | D:1      | 0 ||| qw: Version: 0.3-a-106-g2cfff9e
     0 | D:1      | 0 ||| qw: Game counter: 2032
     0 | D:1      | 0 ||| qw: Melee chars always use a shield: true
     0 | D:1      | 0 ||| qw: God list: Okawaru
     0 | D:1      | 0 ||| qw: Allow faded altars: false
     0 | D:1      | 0 ||| qw: Do Orc after clearing Dungeon:15 true
     0 | D:1      | 0 ||| qw: Do second Lair branch before Depths: true
     0 | D:1      | 0 ||| qw: Lair rune preference: random
     0 | D:1      | 0 ||| qw: Goals: Normal, Save, Zot:1-4, Win
     0 | D:1      | 0 ||| PLANNING D:1-11
   108 | D:1      | Reached XP level 2. HP: 17/17 MP: 2/2
   218 | D:1      | Found a faded altar of an unknown god.
   409 | D:1      | Reached XP level 3. HP: 21/21 MP: 3/3
   502 | D:1      | 502 ||| READING scroll labelled JORAJE RAFA.
   505 | D:1      | 505 ||| READING scroll labelled SUQIAD VUESMAU.
   505 | D:1      | 505 ||| IDENTIFYING dark potion
   506 | D:1      | 506 ||| READING scroll labelled RYT BEHYONEUT XUA.
   507 | D:1      | 507 ||| READING scroll labelled KOGOAKKITOO.
   508 | D:1      | 508 ||| DROPPING scroll of butterflies.
   509 | D:1      | 509 ||| DROPPING potion of degeneration.
   574 | D:2      | Reached skill level 5 in Ranged Weapons
  1050 | D:2      | 1050 ||| READING 3 scrolls of identify.
  1050 | D:2      | 1050 ||| IDENTIFYING lumpy red potion
  1051 | D:2      | 1051 ||| READING 2 scrolls of identify.
  1051 | D:2      | 1051 ||| IDENTIFYING 2 bubbling coppery potions
  1052 | D:2      | 1052 ||| READING scroll of identify.
  1052 | D:2      | 1052 ||| IDENTIFYING scroll labelled WENINI HUNONA
  1053 | D:2      | 1053 ||| DROPPING scroll of noise.
  1054 | D:2      | 1054 ||| DROPPING 2 potions of invisibility.
  1067 | D:3      | 1067 ||| STAIRDANCE
  1083 | D:3      | 1083 ||| STAIRDANCE
  1091 | D:3      | 1091 ||| STAIRDANCE
  1091 | D:3      | HP: 2/22 [orc priest/divine providence (16)]
  1093 | D:2      | 1093 ||| READING 3 scrolls of teleportation.
  1093 | D:2      | Slain by an orc

Levels and vault maps discovered:
D:1:      dpeg_arrival_shrine, layout_basic, ebering_ecumenical_altar_abandoned
D:2:      layout_basic, chequers_mini_garden, grunt_ministairs_12,
          kennysheep_generic_room_14
D:3:      layout_rooms, mainiacjoe_overflow_alcove_1, uniq_crazy_yiuf_cottage,
          uniq_natasha, uniq_grinder

Skill      XL: |  1  2  3 |
---------------+----------+-----
Ranged Weapons | 5 |  5.0
Fighting       | |  2.9
Dodging        | |  1.5
Stealth        | |  1.1

Action                     || total
---------------------------++-------
   Fire: Shortbow          ||   113
    Use: Scroll            ||     8
 Armour: Leather armour    ||    35
  Dodge: Dodged            ||    29

Table legend:
 A = Non-vault XP
 B = Vault XP
 C = Vault XP percentage of total XP
 D = Non-vault monster count
 E = Vault monster count
 F = Vault count percentage of total count
                 A         B        C        D         E       F
            +---------+---------+-------+---------+---------+-------
      Total |      62 |       5 |   7.5 |      38 |       3 |   7.3
            +---------+---------+-------+---------+---------+-------
        D:1 |      37 |       0 |   0.0 |      23 |       0 |   0.0
        D:2 |      25 |       5 |  16.7 |      15 |       3 |  16.7
            +---------+---------+-------+---------+---------+-------
